 Dungeon Crawl Stone Soup version 0.25-a0-404-gc1b5a34292 (webtiles) character file.

Game seed: 9281393225034653478, levelgen mode: deterministic

144 LSt the Gusty (level 5, 17/28 HPs)
             Began as a Kobold Air Elementalist on Jan 10, 2020.
             Quit the game on level 2 of the Dungeon on Jan 11, 2020.
             The game lasted 00:29:42 (2086 turns).

LSt the Gusty (Kobold Air Elementalist)             Turns: 2086, Time: 00:29:43

Health: 17/28      AC:  5    Str:  6    XL:     5   Next: 51%
Magic:  1/8        EV: 15    Int: 17    God:
Gold:   81         SH:  0    Dex: 15    Spells: 2/8 levels left

rFire    . . .     SeeInvis .   g - +0 dagger
rCold    . . .     Gourm    .   (shield restricted)
rNeg     . . .     Faith    .   a - +0 robe
rPois    .         Spirit   .   k - +0 helmet
rElec    .         Reflect  .   u - +0 cloak
rCorr    .         Harm     .   (no gloves)
MR       .....                  m - +0 pair of boots
Stlth    ++........             (no amulet)
HPRegen  0.09/turn              (no ring)
MPRegen  0.11/turn              (no ring)

@: no status effects
A: small, carnivore
a: no special abilities


You were on level 2 of the Dungeon.
You were completely stuffed.

You visited 1 branch of the dungeon, and saw 2 of its levels.

You collected 81 gold pieces.

Inventory:

Hand Weapons
 g - a +0 dagger (weapon)
 i - a +0 club
 q - a +0 whip
 w - a +0 short sword
Missiles
 d - 83 stones (quivered)
 j - 20 bolts
 n - 15 sling bullets
 p - 29 poisoned darts
 v - 3 boomerangs
Armour
 a - a +0 robe (worn)
 h - a +0 leather armour
 k - a +0 helmet (worn)
 l - a +0 chain mail
 m - a +0 pair of boots (worn)
 u - a +0 cloak (worn)
Jewellery
 t - an uncursed ring of poison resistance {unknown}
Scrolls
 b - a scroll of remove curse {unknown}
 e - 3 scrolls of identify {unknown}
 f - 2 scrolls of immolation {unknown}
 r - a scroll of fear {unknown}
Potions
 o - a potion of lignification {unknown}
Comestibles
 c - 6 rations
 s - a chunk of flesh


   Skills:
 - Level 2.4 Dodging
 - Level 2.6 Stealth
 - Level 2.1 Spellcasting
 - Level 2.7 Conjurations
 + Level 5.1 Air Magic


You had 2 spell levels left.
You knew the following spells:

 Your Spells              Type           Power        Failure   Level  Hunger
a - Shock                 Conj/Air       ###.         3%          1    #......
b - Swiftness             Chrm/Air       ##......     10%         2    ###....
c - Static Discharge      Conj/Air       ###.....     12%         3    ###....

Your spell library contained the following spells:

 Spells                   Type           Power        Failure   Level  Hunger
 Airstrike                Air            ###.......   22%         4    #####..
 Lightning Bolt           Conj/Air       ###.......   71%         5    ######.


Dungeon Overview and Level Annotations

Branches:
Dungeon (2/15)

Altars:
Fedhas


Innate Abilities, Weirdness & Mutations

You are small and have problems with some larger weapons.
You are carnivorous and can eat meat at any time.


Message History

Casting: Shock (safe; 4% risk of failure)
Confirm with . or Enter, or press ? or * to list all spells.
Aiming: Shock (safe; 4% risk of failure)
Press: ? - help, Shift-Dir - straight line The zap hits the phantom.
You destroy the phantom!
Your Air Magic skill gained 2 levels and is now at level 5!
You have reached level 5!
You feel stronger.
d - 83 stones (gained 1)
Okay, then.
Casting: Shock (safe; 3% risk of failure)
Confirm with . or Enter, or press ? or * to list all spells.
Okay, then.
Okay, then.
Saving game... please wait.
Welcome back, LSt the Kobold Air Elementalist.
Press ? for a list of commands and other information.
No monsters, items or features are visible.
Are you sure you want to abandon this character and quit the game? (Confirm with "yes".)

#.######.......##
#.# ###.......# #.#
#.........# #.#
#.###รท####### #.#
#.# #........ #.#
#.###..##.##. #.#
#......##.##.
##.####......##....
#.@..........####..
##.####......#####.
### ##...#.......
############ # # #
# #


There were no monsters in sight!

Vanquished Creatures
  A phantom (D:2)
  An ooze (D:2)
  A worm (D:2)
  A dart slug (D:2)
  4 leopard geckos (D:1)
  4 bats
  3 giant cockroaches (D:1)
  7 hobgoblins
  2 frilled lizards (D:1)
  7 goblins
  4 kobolds (D:1)
  6 rats
41 creatures vanquished.

Notes
Turn   | Place    | Note
-------+----------+-------------------------------------------
     0 | D:1      | LSt the Kobold Air Elementalist began the quest for the
                  | Orb.
     0 | D:1      | Reached XP level 1. HP: 10/10 MP: 3/3
   314 | D:1      | Reached XP level 2. HP: 5/15 MP: 0/5
   539 | D:1      | Learned a level 2 spell: Swiftness
  1013 | D:1      | Reached XP level 3. HP: 19/19 MP: 2/6
  1034 | D:1      | Learned a level 3 spell: Static Discharge
  1606 | D:2      | Found a blossoming altar of Fedhas.
  1675 | D:2      | Reached XP level 4. HP: 22/24 MP: 3/7
  2055 | D:2      | Noticed a phantom
  2070 | D:2      | Killed a phantom
  2070 | D:2      | Reached skill level 5 in Air Magic
  2070 | D:2      | Reached XP level 5. HP: 15/28 MP: 0/8
  2086 | D:2      | Quit the game

Levels and vault maps discovered:
D:1:      roderic_crop_circles_arrival_small, layout_basic, interstate_on_off,
          minmay_pentomino_q4
D:2:      layout_loops_cross, fedhas_ov_isle_minmay, first_ration,
          nemelex_spade_bored_becter

Skill      XL: |  1  2  3  4 |
---------------+-------------+-----
Conjurations   | 2 |  2.7
Air Magic      | 5 |  5.1
Dodging        | |  2.4
Stealth        | |  2.6
Spellcasting   | |  2.1

Action                   |  1- 3 |  4- 6 || total
-------------------------+-------+-------++-------
Melee: Unarmed           |     3 |       ||     3
       Dagger            |     8 |     1 ||     9
Throw: Stone             |    35 |     4 ||    39
 Cast: Shock             |    59 |    17 ||    76
 Stab: Sleeping          |       |     1 ||     1
  Eat: Chunk             |    11 |     2 ||    13
Armor: Robe              |     6 |     1 ||     7
Dodge: Dodged            |    22 |     2 ||    24

Table legend:
 A = Non-vault XP
 B = Vault XP
 C = Vault XP percentage of total XP
 D = Non-vault monster count
 E = Vault monster count
 F = Vault count percentage of total count
                 A         B        C        D         E       F
            +---------+---------+-------+---------+---------+-------
      Total |     199 |       7 |   3.4 |      37 |       4 |   9.8
            +---------+---------+-------+---------+---------+-------
        D:1 |      43 |       7 |  14.0 |      25 |       4 |  13.8
        D:2 |     156 |       0 |   0.0 |      12 |       0 |   0.0
            +---------+---------+-------+---------+---------+-------
